 Dungeon Crawl Stone Soup version 0.27.1-33-g824d729ab1 (webtiles) character file.

Game seed: 15753957108736451537

98 pkoi the Ruffian (level 4, 0/54 HPs)
             Began as a Draconian Gladiator on Dec 17, 2021.
             Was a Follower of Okawaru.
             Slain by an orc (4 damage)
             ... on level 4 of the Dungeon.
             The game lasted 00:03:06 (3074 turns).

pkoi the Ruffian (Draconian Gladiator)              Turns: 3074, Time: 00:03:07

Health: 0/54       AC:  5    Str: 22    XL:     4   Next: 44%
Magic:  4/4        EV: 12    Int: 10    God:    Okawaru [*.....]
Gold:   154        SH:  0    Dex: 12    Spells: 3/3 levels left

rFire    . . .     SeeInvis .     - Unarmed
rCold    . . .     Faith    .   (no shield)
rNeg     . . .     Spirit   .   (armour unavailable)
rPois    .         Reflect  .   a - +0 hat
rElec    .         Harm     .   (no cloak)
rCorr    .         Rampage  .   (no gloves)
Will     .....                  (no boots)
Stlth    ..........             (no amulet)
HPRegen  0.18/turn              h - +6 ring of strength
MPRegen  0.09/turn              (no ring)

@: berserking, very quick
A: AC +5, unfitting armour, cold-blooded
a: Renounce Religion, Heroism


You were on level 4 of the Dungeon.
You worshipped Okawaru.
Okawaru was aware of your devotion.
You visited 1 branch of the dungeon, and saw 4 of its levels.

You collected 154 gold pieces.

Inventory:

Hand Weapons
 d - a +1 dagger
 e - a +0 whip
Missiles
 b - 3 throwing nets (quivered)
 j - 7 boomerangs
Armour
 a - a +0 hat (worn)
Jewellery
 h - a +6 ring of strength (left hand)
Scrolls
 l - a scroll of identify
Potions
 f - 3 potions of curing


   Skills:
 - Level 2.1 Fighting
 - Level 1.7 Throwing
 + Level 3.0 Dodging
 * Level 5.1 Unarmed Combat


You had 3 spell levels left.
You didn't know any spells.
Your spell library contained the following spells:

 Spells                   Type           Power      Damage    Failure   Level
 Foxfire                  Conj/Fire      0%         2x1d4     36%         1
 Summon Small Mammal      Summ           0%         N/A       36%         1
 Call Canine Familiar     Summ           0%         N/A       75%         3
 Conjure Flame            Conj/Fire      0%         6-21      75%         3
 Inner Flame              Hex/Fire       0%         N/A       75%         3
 Summon Guardian Golem    Hex/Summ       0%         N/A       75%         3
 Animate Dead             Necr           0%         N/A       98%         4
 Haunt                    Necr/Summ      0%         N/A       100%        7
 Infestation              Necr           0%         N/A       100%        8


Dungeon Overview and Level Annotations

Branches:
Dungeon (4/15)
 Temple: D:4-7

Altars:
Nemelex Xobeh
Okawaru
Qazlal
Uskayaw
Zin

Annotations:
D:4 Menkaure


Innate Abilities, Weirdness & Mutations

Your plain brown scales are hard. (AC +5)
You cannot fit into any form of body armour.
You are cold-blooded and may be slowed by cold attacks.


Message History

You closely miss something.
Your tail-slap misses something.
Something hits you.
* * * LOW HITPOINT WARNING * * *
You miss something. Something hits you but does no damage.
You punch something!
Your tail-slap misses something.
You hear some strange, mumbled words.
A magic dart appears from out of thin air!
The magic dart hits you!
* * * LOW HITPOINT WARNING * * *
You hit something but do no damage. You tail-slap something.
An orc comes into view. It is wielding a +0 short sword.
Something hits you.
* * * LOW HITPOINT WARNING * * *
You miss something.
Your tail-slap misses something.
Your punch misses something. Something hits you.
* * * LOW HITPOINT WARNING * * *
A red film seems to cover your vision as you go berserk!
You feel yourself moving faster!
You feel mighty! Something hits you.
* * * LOW HITPOINT WARNING * * *
You miss something. You barely miss something.
Something hits you but does no damage.
You barely miss something. Something hits you.
* * * LOW HITPOINT WARNING * * *
You miss something. You tail-slap something. Okawaru accepts your kill.
Reactivating autopickup.
You feel a bit more experienced.
Your Dodging skill increases to level 3!
Your Unarmed Combat skill increases to level 5!
The orc barely misses you.
Things that are here:
a +0 dagger of protection; a +0 robe You barely miss the orc.
The orc is lightly wounded.
The orc hits you but does no damage.
You punch the orc!
You kill the orc!
Okawaru accepts your kill.
You barely miss the orc. The orc hits you with a +0 short sword.
You die...

### ..# # #.# .##. #.#
....
#.#################..###.
#...............@oo......
#.#######################
#.# #.# ###


You could see 2 orcs.

Vanquished Creatures
  An orc wizard (D:4)
  2 adders (D:2)
  A worm (D:2)
  2 dart slugs
  2 orcs
  4 ball pythons
  3 bats
  6 endoplasms
  2 giant cockroaches
  5 hobgoblins
  A quokka (D:1)
  6 frilled lizards
  5 goblins
  4 kobolds
  3 rats
47 creatures vanquished.

Notes
Turn   | Place    | Note
-------+----------+-------------------------------------------
     0 | D:1      | pkoi the Draconian Gladiator began the quest for the Orb.
     0 | D:1      | Reached XP level 1. HP: 17/17 MP: 1/1
   443 | D:1      | Reached XP level 2. HP: 24/24 MP: 2/2
   602 | D:1      | Found a faded altar of an unknown god.
   625 | D:1      | Became a worshipper of Warmaster Okawaru
   625 | D:1      | Reached * piety under Okawaru
   748 | D:1      | Reached skill level 4 in Unarmed Combat
   902 | D:1      | Reached XP level 3. HP: 19/29 MP: 3/3
  2514 | D:3      | Reached XP level 4. HP: 36/36 MP: 4/4
  2884 | D:3      | Found a sparkling altar of Nemelex Xobeh.
  2884 | D:3      | Found a glowing silver altar of Zin.
  2892 | D:3      | Found a faded altar of an unknown god.
  2894 | D:3      | Found a hide-covered altar of Uskayaw.
  2896 | D:3      | Found a stormy altar of Qazlal.
  2934 | D:4      | Noticed a black bear
  2936 | D:4      | Noticed Menkaure
  3071 | D:4      | Reached skill level 5 in Unarmed Combat
  3074 | D:4      | Slain by an orc

Illustrated notes

Levels and vault maps discovered:
D:1:      lemuel_arrival_cross, layout_basic, ebering_ecumenical_altar_rust
D:2:      layout_loops_corners, kennysheep_generic_room_9
D:3:      layout_basic, chequers_temple_overflow_minitemple
D:4:      layout_basic, jmf_multi_god_temple2, ebering_ghost_sewer_d,
          enter_ossuary_4, chequers_serial_rivers_small_a, uniq_menkaure,
          uniq_natasha

Skill      XL: |  1  2  3  4 |
---------------+-------------+-----
Unarmed Combat | 4 5 |  5.1
Dodging        | 3 |  3.0
Fighting       | |  2.1
Throwing       | |  1.7

Action                   |  1- 3 |  4- 6 || total
-------------------------+-------+-------++-------
Melee: Unarmed           |   123 |    30 ||   153
       Tailslap          |    17 |     2 ||    19
       Punch             |     1 |       ||     1
  Use: Scroll            |     3 |     3 ||     6
       Potion            |     1 |     2 ||     3
 Stab: Sleeping          |     2 |       ||     2
Armor: Skin              |    35 |     7 ||    42
Dodge: Dodged            |    76 |     8 ||    84
